 Dungeon Crawl Stone Soup version 0.24-a0-285-g3c078ff (webtiles) character file.

Game seed: 4805540954013721057

49 galech the Skirmisher (level 3, -5/29 HPs)
             Began as a Demonspawn Fighter on May 7, 2019.
             Slain by a wight
             ... wielding a +1 great sword
              (17 damage)
             ... on level 2 of the Dungeon.
             The game lasted 00:01:38 (1347 turns).

galech the Skirmisher (Demonspawn Fighter)          Turns: 1347, Time: 00:01:39

Health: -5/29      AC:  6    Str: 16    XL:     3   Next: 53%
Magic:  3/3        EV:  6    Int:  9    God:
Gold:   48         SH:  8    Dex: 13    Spells: 2/2 levels left

rFire    + . .     SeeInvis .   a - +0 war axe
rCold    . . .     Gourm    .   c - +0 shield
rNeg     . . .     Faith    .   b - +0 scale mail
rPois    .         Spirit   .   (no helmet)
rElec    .         Reflect  .   (no cloak)
rCorr    .         Harm     .   (no gloves)
MR       +....                  (no boots)
Stlth    ..........             (no amulet)
HPRegen  0.09/turn              h - ring of protection from magic
MPRegen  0.08/turn              (no ring)

@: drained
A: claws 1, fire resistance 1
a: no special abilities


You were on level 2 of the Dungeon.
You were not hungry.

You visited 1 branch of the dungeon, and saw 2 of its levels.

You collected 48 gold pieces.

Inventory:

Hand Weapons
 a - a +0 war axe (weapon)
Armour
 b - a +0 scale mail (worn)
 c - a +0 shield (worn)
Jewellery
 h - a ring of protection from magic (left claw)
Scrolls
 e - 2 scrolls of teleportation {unknown}
 g - 2 scrolls of enchant armour {unknown}
 l - a scroll of random uselessness {unknown}
 m - a scroll of identify {unknown}
 n - 2 scrolls of remove curse {unknown}
Potions
 d - a potion of might
 i - a potion of brilliance {unknown}
 j - a potion of curing {unknown}
Comestibles
 f - 3 rations
 k - 8 chunks of flesh


   Skills:
 + Level 3.4(2.5) Fighting
 + Level 2.4(1.4) Axes
 + Level 3.1(2.2) Armour
 + Level 0.1(0.0) Dodging
 + Level 3.0(2.1) Shields


You had 2 spell levels left.
You didn't know any spells.
Your spell library was empty.

Dungeon Overview and Level Annotations

Branches:
Dungeon (2/15)

Altars:


Innate Abilities, Weirdness & Mutations

You have sharp fingernails.
Your flesh is heat resistant. (rF+)


Message History

You feel drained.
You are too injured to fight recklessly!
You are too injured to fight recklessly!
You are too injured to fight recklessly!
You are too injured to fight recklessly!
You are too injured to fight recklessly!
You are too injured to fight recklessly!
You are too injured to fight recklessly!
You are too injured to fight recklessly!
You are too injured to fight recklessly!
You are too injured to fight recklessly!
You are too injured to fight recklessly!
You are too injured to fight recklessly!
You are too injured to fight recklessly!
You are too injured to fight recklessly!
You hit the wight.
The wight is almost destroyed.
The wight hits you with a +1 great sword!
Ouch! That really hurt!
You die...

## # ##....... .. #
### #..###........ #
##. ..# ..............
# #..###.# #.<..zz÷z
.. ....#.. ##.#.....
## #.# #.##..#.#
#.###### #.#
#.##....#### #.......
#.# #.##..z....#
#+###### #.# #.# #@#
###.# #.# #.# # ##.#.#
#.#####.##.#
#....#####.......>#.##
##
.....................+
+.
#....##########...####
## ##.#.# #..## ###.#
#.## #.# #.#


You could see a wight.

Vanquished Creatures
  An ooze (D:1)
  A worm (D:2)
  2 dart slugs (D:1)
  8 goblins
  6 hobgoblins
  2 jackals (D:1)
  2 kobolds (D:2)
  A ball python (D:2)
  6 bats
  3 frilled lizards
  3 rats (D:1)
  A fungus (D:1)
36 creatures vanquished.

Notes
Turn   | Place    | Note
-------+----------+-------------------------------------------
     0 | D:1      | galech the Demonspawn Fighter began the quest for the Orb.
     0 | D:1      | Reached XP level 1. HP: 18/18 MP: 1/1
    85 | D:1      | Gained mutation: You have sharp fingernails. [demonic
                  | ancestry]
    85 | D:1      | Reached XP level 2. HP: 20/24 MP: 2/2
   589 | D:1      | Gained mutation: Your flesh is heat resistant. (rF+)
                  | [demonic ancestry]
   589 | D:1      | Reached XP level 3. HP: 29/29 MP: 3/3
  1347 | D:2      | Slain by a wight

Levels and vault maps discovered:
D:1:      dpeg_cavernosity, layout_basic, minmay_door_square,
          minmay_pentomino_s4
D:2:      layout_loops_corners, hangedman_abyss_or_decor_stabs,
          chequers_serial_rivers_micro_d

Skill      XL: |  1  2 |
---------------+-------+-----
Armour         | 3 |  3.1
Shields        | 3 |  3.0
Axes           | 2 |  2.4
Fighting       | |  3.4
Dodging        | |  0.1

Action                   || total
-------------------------++-------
Melee: War axe           ||   116
  Eat: Chunk             ||     2
Armor: Scale mail        ||    45
Dodge: Dodged            ||    32
Block: Shield            ||    53

Table legend:
 A = Non-vault XP
 B = Vault XP
 C = Vault XP percentage of total XP
 D = Non-vault monster count
 E = Vault monster count
 F = Vault count percentage of total count
                 A         B        C        D         E       F
            +---------+---------+-------+---------+---------+-------
      Total |      65 |       6 |   8.5 |      30 |       5 |  14.3
            +---------+---------+-------+---------+---------+-------
        D:1 |      41 |       6 |  12.8 |      18 |       5 |  21.7
        D:2 |      24 |       0 |   0.0 |      12 |       0 |   0.0
            +---------+---------+-------+---------+---------+-------
